 Dungeon Crawl Stone Soup version 0.31-a0-1008-g5b978dac0e (webtiles) character file.

Game seed: 13398307209627739441

1 Azuregosa the Sneak (level 1, 0/16 HPs)
             Began as an Octopode Delver on Nov 13, 2023.
             Slain by a jackal (2 damage)
             ... on level 5 of the Dungeon.
             The game lasted 00:00:43 (38 turns).

Azuregosa the Sneak (Octopode Delver)                 Turns: 38, Time: 00:00:44

Health: 0/16       AC:  1    Str: 11    XL:     1   Next: 20%
Magic:  1/1        EV: 13    Int: 12    God:
Gold:   0          SH:  0    Dex: 13    Spells: 0/0 levels left

rFire   . . .        a - +0 short sword
rCold   . . .        (no shield)
rNeg    . . .        (helmet restricted)
rPois   .            (no amulet)
rElec   .            (no ring)
rCorr   .            (no ring)
SInv    .            (no ring)
Will    .....        (no ring)
Stlth   ++++         (no ring)
HPRegen 0.22/turn    (no ring)
MPRegen 0.07/turn    (no ring)
                     (no ring)

%: no passive effects
@: no status effects
A: almost no armour, amphibious, 8 rings, camouflage 1, gelatinous body 1,
(nimble swimmer 1), tentacles
a: no special abilities


You were on level 5 of the Dungeon.
You visited 1 branch of the dungeon, and saw 1 of its levels.

Inventory:

Hand Weapons
 a - a +0 short sword (weapon)
Wands
 f - a wand of digging (3)
Scrolls
 b - a scroll of fog
 c - a scroll of enchant weapon {unknown}
 d - 2 scrolls of fear
Potions
 e - a potion of haste
 g - a potion of heal wounds {unknown}


   Skills:
 + Level 3.0 Fighting
 + Level 2.0 Short Blades
 + Level 2.0 Dodging
 + Level 6.6 Stealth


You couldn't memorise any spells.
You didn't know any spells.
Your spell library was empty.

Dungeon Overview and Level Annotations

Branches:
Dungeon (5/15)             Temple (0/1) D:5

Altars:


Innate Abilities, Weirdness & Mutations

You cannot wear most types of armour.
You are amphibious.
You can wear up to eight rings at the same time.
Your skin changes colour to match your surroundings (Stealth+).
Your rubbery body absorbs attacks. (AC +1, EV +1)
((You are camouflaged when in or above water. (Stealth+)))
You have tentacles for arms and can constrict up to eight enemies at once.


Message History

You barely miss the jackal.
The jackal barks!
You grab the jackal. You squeeze the jackal.
The jackal is heavily wounded.
You constrict the jackal. The jackal closely misses you.
You hit the jackal.
You kill the jackal!
A jackal comes into view.
A centaur zombie comes into view.
The jackal barely misses you.
The centaur zombie moves out of view.
You hit the jackal. Your grab misses the jackal.
Your squeeze misses the jackal.
The jackal is moderately wounded.
The jackal closely misses you. x2
You closely miss the jackal. You grab the jackal. You constrict the jackal.
The jackal barely misses you. The jackal completely misses you.
The jackal bites you. The jackal closely misses you. x2
You barely miss the jackal. You grab the jackal.
You constrict the jackal, but do no damage.
You constrict the jackal.
The jackal bites you. x2; The jackal misses you.
You closely miss the jackal. You grab the jackal.
The jackal is lightly wounded.
You constrict the jackal.
You constrict the jackal, but do no damage. x2
The jackal bites you. x2; The jackal escapes!
You hit the jackal. You grab the jackal.
The jackal is severely wounded.
You constrict the jackal, but do no damage.
You constrict the jackal. x2; The jackal closely misses you.
The jackal barely misses you. The jackal misses you.
The jackal completely misses you.
You hit the jackal. You grab the jackal.
The jackal is heavily wounded.
You constrict the jackal.
You constrict the jackal, but do no damage. x3
The jackal closely misses you. The jackal barely misses you.
The jackal bites you.
* * * LOW HITPOINT WARNING * * *
The jackal misses you. The jackal closely misses you. The jackal bites you.
You die...

*,**,,**♣*,**#......#.>.##
*,**,,*,♣Z♣♣####.........#
*,***,...♣...##...........
*,,,,*♣♣♣♣##.##...........
**,,,,.#####............?)
**.,,,.###................
*,...,.....#....#...#..55.
*,.....#####....########..
**.....Zh@h........####*..
*......hh.#.>........#*.,
*.....###..........#....,
*.#########.............,
*,***######.............*
*,*,*###########.^......*
*,*,,############.......*
*,*,,.###########.....(.,
*,*,*..##########.......*


You could see a centaur zombie and 4 jackals.

Vanquished Creatures
  A jackal (D:5)
1 creature vanquished.

Notes
Turn   | Place    | Note
-------+----------+-------------------------------------------
     0 | D:5      | Azuregosa the Octopode Delver began the quest for the Orb.
     0 | D:5      | Reached XP level 1. HP: 16/16 MP: 1/1
    38 | D:5      | Slain by a jackal

Illustrated notes

Levels and vault maps discovered:
D:5:      layout_rooms, nicolae_yredelemnul_corpse_copse, tgw_trog,
          kennysheep_slug_shrine, minmay_temple_entry_glassed_door,
          nicolae_ossuary_entry_giza

Action                     || total
---------------------------++-------
  Melee: Short sword       ||     8
         Constrict         ||     6
         Tentacles         ||     1
    Use: Scroll            ||     1
 Armour: Skin              ||     8
  Dodge: Dodged            ||    18

Table legend: (Time is in decaauts)
 A = Elapsed time spent in this place.
 B = Non-inter-level travel time spent in this place.
 C = Inter-level travel time spent in this place.
 D = Time resting spent in this place.
 E = Time spent auto-exploring this place.
 F = Levels seen in this place.
 G = Mean time per level.
                   A        B        C        D        E       F      G
               +--------+--------+--------+--------+--------+-----+--------+
         Total |     37 |     37 |      0 |      0 |      0 |   1 |   37.0 |
       Dungeon |     37 |     37 |      0 |      0 |      0 |   1 |   37.0 |
               +--------+--------+--------+--------+--------+-----+--------+

Top non-repeatable levels by time:
     D:5: 37 daAuts
